 Dungeon Crawl Stone Soup version 0.29.1-12-g30fa7ad0bf (webtiles) character file.

Game seed: 15982772699606485361

10939 cheesebisquit the Cleaver (level 11, -4/101 HPs)
             Began as a Minotaur Berserker on Dec 12, 2022.
             Was a Priest of Trog.
             Slain by a death yak (14 damage)
             ... on level 11 of the Dungeon.
             The game lasted 00:38:35 (7296 turns).

cheesebisquit the Cleaver (Minotaur Berserker)      Turns: 7296, Time: 00:38:37

Health: -4/101     AC: 20    Str: 27    XL:     11   Next: 42%
Magic:  10/10      EV:  5    Int:  4    God:    Trog [***...]
Gold:   791        SH: 14    Dex:  9    Spells: 10/10 levels left

rFire   . . .      SeeInvis .   r - +2 war axe (flame)
rCold   . . .      Faith    .   E - +0 tower shield
rNeg    . . .      Spirit   .   B - +0 plate armour
rPois   .          Reflect  .   (helmet restricted)
rElec   .          Harm     .   C - +0 cloak
rCorr   .          Rampage  .   Q - +2 pair of gloves
Will    ++...                   H - +0 pair of boots
Stlth   ..........              n - amulet of regeneration
HPRegen 2.06/turn               c - ring of flight
MPRegen 0.12/turn               p - +4 ring of slaying

@: about to teleport, strong-willed (expiring), on berserk cooldown, flying,
regenerating (expiring)
A: horns 2, retaliatory headbutt
a: Renounce Religion, Berserk, Trog's Hand


You were on level 11 of the Dungeon.
You worshipped Trog.
Trog was most pleased with you.
You visited 1 branch of the dungeon, and saw 11 of its levels.

You collected 791 gold pieces.

Inventory:

Hand Weapons
 a - a +0 hand axe
 r - a +2 war axe of flaming (weapon)
 T - a +0 battleaxe
Missiles
 h - 2 throwing nets
 l - 74 stones
 u - 37 poisoned darts (quivered)
 A - 6 javelins
 U - 5 atropa-tipped darts
Armour
 b - a +0 animal skin
 g - a +0 ring mail
 q - a +0 kite shield
 y - a scarf of invisibility
 B - a +0 plate armour (worn)
 C - a +0 cloak (worn)
 E - a +0 tower shield (worn)
 H - a +0 pair of boots (worn)
 K - a +0 pair of gloves
 Q - a +2 pair of gloves (worn)
Jewellery
 c - a ring of flight (left hand)
 n - an amulet of regeneration (around neck)
 p - a +4 ring of slaying (right hand)
 w - an amulet of magic regeneration
 G - a +6 ring of intelligence
 M - an amulet of the acrobat
 P - an amulet of guardian spirit
 R - a ring of resist corrosion
Wands
 F - a wand of iceblast (10)
 W - a wand of mindburst (6)
Scrolls
 e - 8 scrolls of identify
 f - 3 scrolls of teleportation
 i - a scroll of torment {unknown}
 o - 2 scrolls of vulnerability {unknown}
 s - a scroll of butterflies {unknown}
 t - 3 scrolls of poison {unknown}
 x - 3 scrolls of amnesia {unknown}
 z - a scroll of enchant weapon {unknown}
 D - 3 scrolls of magic mapping {unknown}
 J - a scroll of noise {unknown}
 N - 2 scrolls of immolation {unknown}
 S - 3 scrolls of enchant armour {unknown}
Potions
 d - 3 potions of magic
 j - 2 potions of ambrosia {unknown}
 k - 2 potions of mutation {unknown}
 m - 2 potions of curing
 v - 2 potions of cancellation
 I - a potion of berserk rage {unknown}
 O - 3 potions of might
 V - a potion of brilliance {unknown}


   Skills:
 + Level 10.4 Fighting
 + Level 14.1 Axes
 + Level 10.1 Armour
 - Level 2.4 Dodging
 + Level 9.6 Shields


You had 10 spell levels left.
You didn't know any spells.
Your spell library was empty.

Dungeon Overview and Level Annotations

Branches:
Dungeon (11/15)            Temple (0/1) D:5
   Lair: D:8-11         Orc: D:9-12

Altars:
Cheibriados
Fedhas
Hepliaklqana
Kikubaaqudgha
Ru
Sif Muna
Uskayaw

Shops:
D:1 :   D:4 *   D:7 :?


Innate Abilities, Weirdness & Mutations

You have a pair of horns on your head.
You reflexively headbutt those who attack you in melee.


Message History

Your polar bear's corpse disappears in a puff of smoke!
The skeletal warrior throws a stone.
You block the stone.
The skeletal warrior throws a stone.
The stone hits you.
* * * LOW HITPOINT WARNING * * *
The death yak gores you.
* * * LOW HITPOINT WARNING * * *
It was a potion of heal wounds.
You feel much better.
The skeletal warrior hits you from afar with a +0 glaive!!
* * * LOW HITPOINT WARNING * * *
A river rat comes into view.
You block the death yak's attack. The death yak gores you!!
* * * LOW HITPOINT WARNING * * *
You feel much better.
The howler monkey hoots and howls with incredible vigour!
You block the skeletal warrior's attack.
A river rat comes into view.
The death yak gores you.
You feel much better.
You block the skeletal warrior's attack.
The death yak gores you but does no damage. x2
Okay, then.
As you read the scroll labelled JUPPAT RIEHYFA, it crumbles to dust.
It is a scroll of identify.
O - 3 potions of might The death yak gores you but does no damage.
The skeletal warrior hits you from afar with a +0 glaive!!
The death yak gores you but does no damage.
The death yak gores you!!
* * * LOW HITPOINT WARNING * * *
Okay, then.
You feel the effects of Trog's Hand fading.
The howler monkey hoots and howls with incredible vigour!
The death yak attacks as you move away!
The death yak gores you but does no damage.
The death yak attacks as you move away! The death yak gores you!
* * * LOW HITPOINT WARNING * * *
As you read the scroll labelled ERYWUSIUMI, it crumbles to dust.
You feel strangely unstable.
It was a scroll of teleportation.
You block the death yak's attack. The death yak gores you!
You die...

###.#.^## #.......# ##...##..#
#.......# ##.####..#####.##
#.......# #
#.......######..###.......#
...#..###...........#######.##
##....###.........#.#######..##
.......<..........#.<##........
............YY...##)))........
.##..###zrz.Y@...#####........
##.h.r########## #........
#K##K# #........ #


KzK# #........ #KK.# #........ ....# #........ #....z #........ ##..... #...#.
You could see 3 death yaks, 2 skeletal warriors and 2 river rats.

Vanquished Creatures
  2 two-headed ogres (D:9)
  Lodul (D:11)
  A skeletal warrior (D:11)
  Pikel (D:7)
  An ugly thing (D:10)
  2 kobold demonologists (D:10)
  An unseen horror (D:11)
  A troll (D:11)
  Prince Ribbit (D:7)
  A wyvern (D:9)
  11 yaks
  Grum (D:8)
  3 steam dragons
  2 acid dragons
  2 water moccasins
  2 orc warriors
  3 black bears
  7 ogres
  An ice beast (D:3)
  2 wolves (D:8)
  3 centaurs
  4 lemures (D:7)
  4 kobold brigands
  6 scorpions
  4 bullfrogs
  2 gnoll sergeants
  8 wights
  6 killer bees (D:9)
  3 howler monkeys
  2 hounds
  4 orc priests
  2 jellies
  3 iguanas
  8 orc wizards
  4 adders
  13 gnolls
  A shadow imp (D:5)
  A worm (D:2)
  2 dart slugs (D:5)
  17 orcs
  A ball python (D:1)
  9 endoplasms
  2 giant cockroaches (D:2)
  10 goblins
  2 hobgoblins (D:4)
  6 jackals (D:1)
  21 kobolds
  6 quokkas
  5 bats
  2 frilled lizards
  2 rats
209 creatures vanquished.

Notes
Turn   | Place    | Note
-------+----------+-------------------------------------------
     0 | D:1      | cheesebisquit the Minotaur Berserker began the quest for
                  | the Orb.
     0 | D:1      | Reached XP level 1. HP: 19/19 MP: 0/0
   156 | D:1      | Reached XP level 2. HP: 23/27 MP: 1/1
   386 | D:1      | Reached skill level 4 in Axes
   464 | D:1      | Found Saxag's Book Shoppe.
   711 | D:1      | Found a faded altar of an unknown god.
   981 | D:2      | Reached XP level 3. HP: 33/33 MP: 2/2
  1086 | D:2      | Reached skill level 5 in Axes
  1103 | D:2      | Reached ** piety under Trog
  1252 | D:2      | Reached XP level 4. HP: 27/40 MP: 3/3
  1930 | D:3      | Noticed an ice beast
  1930 | D:3      | Noticed a scorpion
  1936 | D:3      | Killed a scorpion
  1937 | D:3      | Reached skill level 6 in Axes
  1940 | D:3      | Killed an ice beast
  1941 | D:3      | Reached skill level 7 in Axes
  1941 | D:3      | Reached XP level 5. HP: 46/46 MP: 4/4
  2199 | D:3      | Reached XP level 6. HP: 52/52 MP: 5/5
  2453 | D:3      | Found a hide-covered altar of Uskayaw.
  2715 | D:4      | Reached skill level 8 in Axes
  2728 | D:4      | Reached skill level 9 in Axes
  2782 | D:4      | Reached XP level 7. HP: 57/58 MP: 6/6
  2790 | D:4      | Found Apruwog's Assorted Antiques.
  3171 | D:5      | Entered Level 5 of the Dungeon
  3177 | D:5      | Reached skill level 10 in Axes
  3318 | D:5      | Found a staircase to the Ecumenical Temple.
  3386 | D:5      | Reached skill level 1 in Shields
  3663 | D:5      | Found a blossoming altar of Fedhas.
  4195 | D:6      | Reached XP level 8. HP: 67/67 MP: 7/7
  4386 | D:6      | Found an ancient bone altar of Kikubaaqudgha.
  4441 | D:6      | Reached skill level 11 in Axes
  4585 | D:6      | Found a hazy altar of Hepliaklqana.
  4711 | D:6      | Reached skill level 5 in Fighting
  4791 | D:6      | Found a shimmering blue altar of Sif Muna.
  5015 | D:7      | Reached *** piety under Trog
  5091 | D:7      | Noticed Prince Ribbit
  5111 | D:7      | Killed Prince Ribbit
  5112 | D:7      | Reached skill level 5 in Armour
  5229 | D:7      | Reached XP level 9. HP: 67/75 MP: 8/8
  5280 | D:7      | Found Zeque's Magic Scroll Emporium.
  5323 | D:7      | Found a sacrificial altar of Ru.
  5446 | D:7      | Found Cocamano's Self-Improvement Boutique.
  5450 | D:7      | Reached skill level 5 in Shields
  5536 | D:7      | Noticed Pikel
  5545 | D:7      | Killed Pikel
  5589 | D:8      | Noticed Grum
  5596 | D:8      | Reached skill level 12 in Axes
  5598 | D:8      | Killed Grum
  5623 | D:8      | Reached XP level 10. HP: 82/88 MP: 9/9
  5827 | D:8      | Reached **** piety under Trog
  5883 | D:8      | Noticed a cyclops
  5884 | D:8      | Noticed a centaur warrior
  5885 | D:8      | Noticed a boulder beetle
  5896 | D:8      | Noticed a boulder beetle
  6160 | D:9      | Reached skill level 13 in Axes
  6360 | D:9      | Noticed a two-headed ogre
  6364 | D:9      | Killed a two-headed ogre
  6514 | D:9      | Found a snail-covered altar of Cheibriados.
  6517 | D:9      | Noticed a two-headed ogre
  6523 | D:9      | Killed a two-headed ogre
  6845 | D:10     | Entered Level 10 of the Dungeon
  6949 | D:10     | Reached XP level 11. HP: 99/99 MP: 10/10
  7035 | D:10     | Noticed a red ugly thing
  7048 | D:10     | Killed a red ugly thing
  7052 | D:10     | You are sucked into a shaft and drop 1 floor!
  7069 | D:11     | Reached skill level 10 in Fighting
  7146 | D:11     | Noticed Lodul
  7152 | D:11     | Killed Lodul
  7165 | D:11     | Reached skill level 14 in Axes
  7174 | D:11     | Reached skill level 10 in Armour
  7245 | D:11     | Noticed a skeletal warrior
  7265 | D:11     | Killed a skeletal warrior
  7266 | D:11     | Noticed a skeletal warrior
  7275 | D:11     | Identified the +1 leather armour "Ongay" {-Cast Fly Str+8
                  | SInv}
  7275 | D:11     | Noticed a skeletal warrior
  7276 | D:11     | Noticed a skeletal warrior
  7283 | D:11     | Noticed a death yak
  7284 | D:11     | Noticed a death yak
  7287 | D:11     | Noticed a death yak
  7288 | D:11     | HP: 2/101 [death yak (21)]
  7294 | D:11     | HP: 3/101 [death yak (17)]
  7296 | D:11     | Slain by a death yak

Illustrated notes

Levels and vault maps discovered:
D:1:      minmay_arrival_jagged, layout_loops_ring,
          dreamdust_ecumenical_altar_hidden_monk_grotto, serial_shops,
          nicolae_shop_stone, minmay_tripent
D:2:      layout_loops_corners, serial_rivers, chequers_serial_rivers_micro_c,
          chequers_serial_rivers_small_b, chequers_serial_rivers_small_a,
          chequers_serial_rivers_large_a, chequers_serial_rivers_small_3,
          hangedman_abyss_or_decor_lesser_grid
D:3:      layout_loops_ring, marbit_many_paths
D:4:      layout_cave_pools, serial_shops, kennysheep_mini, minivault_5
D:5:      layout_basic, fedhas_ov_isle_minmay, minmay_temple_entry_large_hall,
          st_stairs_7, minmay_misc_feat_ornament
D:6:      layout_loops_corners, lemuel_blue_sif_altar, general_overflow_altar,
          nicolae_hepliaklqana_hippocampus
D:7:      layout_rooms, mainiacjoe_overflow_surrounded_room, serial_shops,
          nicolae_take_the_stairs, minmay_misc_feat_room,
          nicolae_shop_self_help, uniq_pikel, uniq_prince_ribbit1
D:8:      layout_basic, onia_ninara_dug_in_and_dangerous, uniq_grum
D:9:      layout_roguey, mainiacjoe_overflow_24_doors
D:10:     layout_cross, minmay_unpleasant_kobolds
D:11:     layout_rooms, dpeg_lair_monsters, nicolae_straight_to_the_point,
          uniq_lodul

Skill      XL: |  1  2  3  4  5  6  7  8  9 10 11 |
---------------+----------------------------------+-----
Axes           | 4 5 7 9 10 11 12 13 14 | 14.1
Fighting       | 4 6 8 9 10 | 10.4
Armour         | 3 5 7 9 10 | 10.1
Shields        | 1 4 6 8 9 |  9.6
Dodging        | |  2.4

Action                   |  1- 3 |  4- 6 |  7- 9 | 10-12 || total
-------------------------+-------+-------+-------+-------++-------
Melee: Hand axe          |    70 |    26 |       |       ||    96
       Headbutt          |     7 |     7 |    17 |    29 ||    60
       Punch             |     1 |       |       |       ||     1
       War axe           |       |    24 |   143 |   168 ||   335
Invok: Berserk           |       |     2 |     5 |    10 ||    17
       Trog's Hand       |       |       |     1 |     2 ||     3
       Brothers in Arms  |       |       |       |     1 ||     1
  Use: Potion            |       |       |       |     6 ||     6
       Scroll            |       |       |       |     2 ||     2
Armor: Animal skin       |     3 |       |       |       ||     3
       Ring mail         |    20 |     9 |     3 |       ||    32
       Plate armour      |       |       |    96 |    97 ||   193
Dodge: Dodged            |    68 |    21 |    15 |    28 ||   132
Block: Kite shield       |       |    13 |     4 |       ||    17
       Tower shield      |       |       |    98 |   139 ||   237
